 Dungeon Crawl Stone Soup version 0.22-a0-423-g4197694 (webtiles) character file.

26 Kairos the Charmwright (level 3, 28/28 HPs)
             Began as a Barachi Skald on May 23, 2018.
             Quit the game on level 2 of the Dungeon.
             The game lasted 00:00:57 (948 turns).

Kairos the Charmwright (Barachi Skald)               Turns: 948, Time: 00:00:58

Health: 28/28      AC:  6    Str: 13    XL:     3   Next: 8%
Magic:  6/6        EV:  9    Int: 13    God:
Gold:   41         SH:  0    Dex: 11    Spells: 5/6 levels left

rFire    . . .     SeeInvis .   a - +0 spear
rCold    . . .     Gourm    .   (no shield)
rNeg     . . .     Faith    .   e - +0 scale mail
rPois    .         Spirit   .   (no helmet)
rElec    .         Reflect  .   (no cloak)
rCorr    .         Harm     .   (no gloves)
MR       .....                  (no boots)
Stlth    ..........             (no amulet)
HPRegen  0.09/turn              (no ring)
MPRegen  0.10/turn              (no ring)

@: slow
A: +LOS, swims, slowness 1, strong legs 1
a: Hop


You were on level 2 of the Dungeon.
You were hungry.

You visited 1 branch of the dungeon, and saw 2 of its levels.

You collected 41 gold pieces.

Inventory:

Hand Weapons
 a - a +0 spear (weapon)
Armour
 b - a +0 leather armour
 e - a +0 scale mail (worn)
Scrolls
 c - 3 scrolls of identify {unknown}
 f - a scroll of enchant weapon {unknown}
Potions
 g - a potion of brilliance {unknown}
 h - 2 potions of haste {unknown}
Comestibles
 d - 4 rations


   Skills:
 + Level 2.7 Fighting
 + Level 2.7 Polearms
 + Level 1.2 Armour
 + Level 2.2 Dodging
 + Level 2.3 Spellcasting
 + Level 3.6 Charms


You had 5 spell levels left.
You knew the following spells:

 Your Spells              Type           Power        Failure   Level  Hunger
a - Infusion              Chrm           ##..         26%         1    #......

Your spell library contained the following spells:

 Spells                   Type           Power        Failure   Level  Hunger
 Regeneration             Chrm/Necr      #.........   86%         3    ###....
 Shroud of Golubria       Chrm/Tloc      #.........   65%         2    ###....
 Song of Slaying          Chrm           ##......     36%         2    ###....
 Spectral Weapon          Hex/Chrm       #.......     86%         3    ###....


Dungeon Overview and Level Annotations

Branches:
Dungeon (2/15)

Altars:


Innate Abilities, Weirdness & Mutations

Shadows flee at your approach. (+LOS)
You can swim through water.
You cover ground slowly.
You can hop short distances.


Message History

No target in view!
No target in view!
No target in view!
No target in view!
No target in view!
No target in view!
No target in view!
No target in view!
No target in view!
No target in view!
No target in view!
No target in view!
No target in view!
You see here a club.
h - 2 fizzy puce potions
d - 4 rations (gained 1)
You open the door.
There is an open door here.
Found a stone staircase leading down and a stone staircase leading up.
Are you sure you want to abandon this character and quit the game? (Confirm with "yes".)

..... #....##
...... #....#
<...#
>..#####+#####
..#.........##
#.#..........#
#@#....<.)...#####
#.#######....'....
#.# #....#####
#.#######....#
#............#
##########...#
#...# #####


There were no monsters in sight!

Vanquished Creatures
  A dart slug (D:1)
  5 bats (D:1)
  2 giant cockroaches (D:1)
  4 hobgoblins
  4 jackals (D:1)
  A ball python (D:1)
  A frilled lizard (D:1)
  A goblin (D:1)
  3 kobolds (D:1)
  2 rats (D:1)
24 creatures vanquished.

Notes
Turn   | Place    | Note
-------+----------+-------------------------------------------
     0 | D:1      | Kairos the Barachi Skald began the quest for the Orb.
     0 | D:1      | Reached XP level 1. HP: 17/17 MP: 3/3
   244 | D:1      | Reached XP level 2. HP: 21/23 MP: 5/5
   558 | D:1      | Reached XP level 3. HP: 24/28 MP: 6/6
   948 | D:2      | Quit the game

Vault maps used:
D:1:      nagdon_arrival_zigzag_paths

Action                   || total
-------------------------++-------
Melee: Spear             ||   110
Armor: Scale mail        ||    44
Dodge: Dodged            ||    52

Table legend:
 A = Spawn XP
 B = Non-spawn XP
 C = Spawn XP percentage of total XP
 D = Spawn monster count
 E = Non-spawn monster count
 F = Spawn count percentage of total count
 G = Total turns spent on level
                    A         B        C        D         E        F      G
               +---------+---------+-------+---------+---------+-------+---------
         Total |       0 |      38 |   0.0 |       0 |      24 |   0.0 |   948
               +---------+---------+-------+---------+---------+-------+---------
           D:1 |       0 |      36 |   0.0 |       0 |      23 |   0.0 |   914
           D:2 |       0 |       2 |   0.0 |       0 |       1 |   0.0 |    34
               +---------+---------+-------+---------+---------+-------+---------
